 Dungeon Crawl Stone Soup version 0.16.2-2-g470672f (webtiles) character file.

99278 Miyamura the Warrior (level 16, -3/179 HPs)
             Began as an Ogre Hunter on Aug 18, 2015.
             Was the Champion of Ashenzari.
             Slain by a white ugly thing (22 damage)
             ... on level 14 of the Dungeon on Aug 19, 2015.
             The game lasted 02:39:34 (44751 turns).

Miyamura the Warrior (Ogre Hunter)                 Turns: 44751, Time: 02:39:34

Health: -3/179     AC:  6    Str: 21    XL:     16   Next: 24%
Magic:  42/43      EV: 15    Int: 17    God:    Ashenzari [******]
Gold:   2853       SH:  0    Dex: 10    Spells: 4 memorised, 28 levels left

rFire  . . .     SeeInvis +     a - +3 giant spiked club (curse)
rCold  . . .     Clarity  +     T - troll hide (curse)
rNeg   . . .     SustAb   +     (shield restricted)
rPois  .         Gourm    .     j - +2 hat (curse)
rElec  .         Spirit   .     Z - +0 cloak {MR+}
rCorr  .         Warding  .     (gloves unavailable)
rMut   .         Stasis   .     (boots unavailable)
MR     ++...                    k - amulet of regeneration
Stlth  ++........               F - ring of sustain abilities
                                C - ring of magical power (curse)

@: very resistant to hostile enchantments, unstealthy
A: unfitting armour, talons 1, blurry vision 2, clever 1, tough skin 1, no
device heal 1
a: Scrying, Transfer Knowledge, Renounce Religion


You were on level 14 of the Dungeon.
You worshipped Ashenzari.
Ashenzari was exalted by your worship.
You were not hungry.

You visited 3 branches of the dungeon, and saw 27 of its levels.
You also visited: Sewer and Ice Cave.

You collected 3365 gold pieces.
You spent 512 gold pieces at shops.

Inventory:

Hand weapons
 a - a cursed +3 giant spiked club (weapon)
Missiles
 g - 18 large rocks (quivered)
Armour
 j - a cursed +2 hat (worn)
 T - a cursed troll hide (worn)
 Z - a +0 cloak of magic resistance (worn)
Jewellery
 c - an uncursed amulet of resist mutation
 k - an amulet of regeneration (around neck)
 n - an uncursed amulet of warding
 t - an uncursed ring of protection from magic
 C - a cursed ring of magical power (left hand)
 F - a ring of sustain abilities (right hand)
Magical devices
 d - a wand of teleportation (4)
 f - a wand of cold (11)
 p - a wand of polymorph (4)
 u - a wand of paralysis (21)
 I - a wand of slowing (38)
 L - a wand of lightning (5)
 M - a wand of enslavement (11)
 N - a wand of heal wounds (6)
 S - a wand of digging (5)
Scrolls
 i - 2 scrolls of fear
 l - 2 scrolls of identify
 r - 11 scrolls of teleportation
 y - 5 scrolls of blinking
 z - 3 scrolls of recharging
 B - 4 scrolls of amnesia
 G - 9 scrolls of remove curse
 Q - 5 scrolls of magic mapping
 U - a scroll of enchant armour
 Y - a scroll of summoning
Potions
 e - a potion of invisibility
 h - 4 potions of curing
 m - 2 potions of restore abilities
 o - 2 potions of haste
 s - 4 potions of might
 v - 2 potions of cancellation
 x - a potion of heal wounds
 D - 3 potions of brilliance
 H - 2 potions of flight
 J - a potion of agility
 K - 6 potions of resistance
Books
 E - a book of the Earth

   Spells                             Type                      Level
   a - Leda's Liquefaction            Hexes/Earth                  4
   b - Bolt of Magma                  Conjuration/Fire/Earth       5
   c - Statue Form                    Transmutation/Earth          6
   d - Iron Shot                      Conjuration/Earth            6
   e - Shatter                        Earth                        9
Miscellaneous
 R - a plain deck of changes {the Potion}
 W - a phantom mirror
 X - a lamp of fire
Comestibles
 b - 19 royal jellies
 w - 2 beef jerkies
 A - 2 chunks of flesh
 V - 51 fruits


   Skills:
 + Level 16.2 Fighting
 + Level 16.1(21.2) Maces & Flails
 + Level 13.9 Throwing
 + Level 11.9(14.6) Dodging
 - Level 3.0(5.6) Stealth
 + Level 11.0 Spellcasting
 - Level 3.3 Charms
 - Level 6.0 Evocations


You had 28 spell levels left.
You knew the following spells:

 Your Spells              Type           Power        Failure   Level  Hunger
b - Blink                 Tloc           N/A          14%         2    None
f - Flight                Chrm/Air       ###.......   17%         3    None
s - Swiftness             Chrm/Air       ###.....     10%         2    None
R - Repel Missiles        Chrm/Air       ###...       10%         2    None


Dungeon Overview and Level Annotations

Branches:
Dungeon (15/15)            Temple (0/1) D:4            Lair (8/8) D:9
 Shoals (0/5) Lair:6        Snake (0/5) Lair:4        Slime (0/6) Lair:8
    Orc (4/4) D:11            Elf (0/3) Orc:4        Vaults (0/5) D:13
 Depths: D:15

Altars:
Ashenzari
Fedhas
Makhleb
Nemelex Xobeh
Qazlal
Sif Muna
Trog
Yredelemnul
Zin
Beogh
Jiyva

Shops:
D:7 !   D:8 %   D:10 (   Orc:4 ([(*

Annotations:
D:12 Erolcha
Orc:4 Saint Roka


Innate Abilities, Weirdness & Mutations

You are too large for most types of armour.
You have tough skin (AC +1).
You have sharp toenails.
Scrolls take you longer to read.
Your mind is acute. (Int +2)
Potions and wands are less effective at restoring your health.


Message History

The white ugly thing freezes you!!
You puncture the red ugly thing!
You claw the red ugly thing, but do no damage.
The red ugly thing is lightly wounded.
The white ugly thing claws you but does no damage.
The red ugly thing misses you.
Casting: Blink
Confirm with . or Enter, or press ? or * to list all spells.
You blink.
The red ugly thing bites you!
* * * LOW HITPOINT WARNING * * *
You are engulfed in flames!!
* * * LOW HITPOINT WARNING * * *
Unknown command.
Read which item? (? for menu, Esc to quit)
The red ugly thing closely misses you.
You begin reading the scroll.
You continue reading the scroll.
The white ugly thing claws you!
* * * LOW HITPOINT WARNING * * *
The white ugly thing freezes you!!
You die...

....# #<....#
##.#...# ....#
#.....# ##(####
....## #.....#
##.#########
.....# #.....#
#.........#
.(...#########
#.#######.#
..#...# #######.#
### ..#...##
##....(#.#
..##...#
#....#u>.#
.###...##
##.###@u#.# ##
##[..###..##..####
##...)).###..#
#...)).##..##
###...###...#
#####...####...##
...............##
#...............#
##############^.#


You could see 2 ugly things.

Vanquished Creatures
  Rupert (Lair:3)
  Kirke (D:15)
  Roxanne (D:14)
  5 dire elephants (Lair:8)
  4 vault guards (D:13)
  Harold (Lair:3)
  10 hydras
  A catoblepas (Lair:3)
  A centaur warrior (D:14)
  An anaconda (Lair:8)
  A death yak (IceCv)
  Urug (D:14)
  An orc high priest (Orc:3)
  Nergalle (Lair:6)
  An unseen horror (shapeshifter) (D:14)
  An ice statue (IceCv)
  4 harpies (D:15)
  3 hill giants
  2 wolf spider zombies (D:14)
  An orc knight (D:13)
  2 griffons (Lair:7)
  8 ugly things
  3 cyclopes
  A wizard (D:15)
  3 orc sorcerers
  2 manticores (Lair:7)
  6 black mambas
  22 elephants
  Joseph (D:10)
  A small abomination (D:14)
  A guardian serpent (shapeshifter) (D:14)
  15 spiny frogs
  6 komodo dragons
  A gargoyle (D:8)
  A yaktaur (D:13)
  10 fire drakes
  17 polar bears (IceCv)
  2 deep elf priests (D:14)
  6 trolls
  Sonja (D:12)
  A queen bee (D:11)
  A raven (D:8)
  A two-headed ogre (D:14)
  10 blink frogs
  4 boulder beetles
  A shadow (D:12)
  A snapping turtle (Lair:6)
  A wraith (D:11)
  4 deep elf magi
  6 wyverns
  42 yaks
  15 hippogriffs
  3 vampire mosquitoes (D:13)
  6 wargs
  4 hogs (D:15)
  A hungry ghost (D:14)
  3 deep elf fighters
  2 nagas (Lair:4)
  A steam dragon (D:4)
  13 water moccasins
  3 hell hounds (Lair:7)
  4 wasps
  24 wolves
  9 porcupines
  38 orc warriors
  A soldier ant (D:11)
  A black bear (D:9)
  6 ice beasts
  8 sky beasts
  An eye of draining (D:11)
  2 phantoms
  A spider (D:11)
  2 necrophages
  A tengu (D:8)
  10 ogres
  5 centaurs
  11 crocodiles
  A boring beetle (Lair:8)
  16 giant frogs
  2 wandering mushrooms
  A wyvern skeleton (D:14)
  6 scorpions
  3 wights (D:12)
  33 killer bees
  4 goliath beetles
  5 quasits
  5 jellies
  13 hounds
  3 centaur zombies
  A gnoll shaman (Orc:4)
  7 crimson imps
  6 iguanas
  41 orc priests
  2 giant frog zombies (D:9)
  5 centaur skeletons
  4 giant frog skeletons
  51 orc wizards
  18 worker ants
  3 hell rats (Lair:4)
  25 sheep
  An ogre zombie (D:8)
  A hound zombie (D:11)
  A mummy (D:14)
  Robin (D:4)
  A worker ant zombie (D:9)
  9 gnolls
  28 adders
  65 river rats
  9 shadow imps
  12 white imps
  A worm (D:4)
  3 giant mites
  2 adder zombies
  5 giant geckos
  2 oozes
  245 orcs
  2 bat zombies
  31 goblins
  23 hobgoblins
  17 kobolds
  16 quokkas
  7 ball pythons
  13 bats
  10 giant cockroaches
  14 giant newts
  A giant spore (D:10)
  24 jackals
  A jackal zombie (D:8)
  2 orc zombies
  27 rats
  7 ballistomycetes
  2 fungi
  5 plants
1241 creatures vanquished.

Vanquished Creatures (others)
  4 yaks (IceCv)
  A water moccasin (Lair:8)
  A wolf (IceCv)
  A wyvern zombie (D:12)
  A giant spore (D:7)
  24 fungi
  12 plants
44 creatures vanquished.

Grand Total: 1285 creatures vanquished

Notes
Turn   | Place    | Note
--------------------------------------------------------------
     0 | D:1      | Miyamura, the Ogre Hunter, began the quest for the Orb.
     0 | D:1      | Reached XP level 1. HP: 22/22 MP: 1/1
     9 | D:1      | Reached skill level 1 in Stealth
   267 | D:1      | Reached XP level 2. HP: 27/29 MP: 2/2
   318 | D:1      | Reached skill level 1 in Maces & Flails
   721 | D:1      | Reached XP level 3. HP: 27/36 MP: 3/3
  2018 | D:2      | Reached XP level 4. HP: 45/45 MP: 4/4
  2165 | D:2      | Found a shattered altar of Ashenzari.
  2180 | D:2      | Became a worshipper of Ashenzari the Shackled
  2397 | D:2      | Found a basalt altar of Yredelemnul.
  2397 | D:2      | Found a burning altar of Makhleb.
  2564 | D:3      | Found a glowing drain.
  2722 | Sewer    | Entered a sewer
  3659 | D:3      | Found a sparkling altar of Nemelex Xobeh.
  3854 | D:3      | Reached XP level 5. HP: 41/53 MP: 5/5
  4077 | D:3      | Noticed an ogre
  4081 | D:3      | Killed an ogre
  4081 | D:3      | Reached skill level 5 in Throwing
  4102 | D:3      | Reached XP level 6. HP: 37/62 MP: 6/6
  4889 | D:4      | Found a staircase to the Ecumenical Temple.
  5393 | D:4      | Reached skill level 5 in Fighting
  5393 | D:4      | Reached XP level 7. HP: 68/72 MP: 7/7
  5872 | D:4      | Noticed Robin
  5897 | D:4      | Killed Robin
  6979 | D:4      | Noticed a steam dragon
  6988 | D:4      | Killed a steam dragon
  6988 | D:4      | Reached skill level 6 in Throwing
  7281 | D:4      | Reached skill level 5 in Maces & Flails
  7283 | D:4      | Reached XP level 8. HP: 66/83 MP: 8/8
  7546 | D:5      | Entered Level 5 of the Dungeon
  7561 | D:4      | Got the rapier of Ragnarok {pierce, Dex+4 Stlth+}
  7562 | D:4      | Identified the +1 rapier of Ragnarok {pierce, Dex+4 Stlth+} (You took it off a hobgoblin on level 4 of the Dungeon)
  9060 | D:5      | Reached skill level 1 in Evocations
  9654 | D:6      | Reached skill level 7 in Throwing
 10085 | D:6      | Reached skill level 5 in Dodging
 10085 | D:6      | Reached XP level 9. HP: 92/92 MP: 12/12
 10253 | D:6      | Found a glowing silver altar of Zin.
 10303 | D:6      | Gained mutation: You have sharp toenails. [mutagenic meat]
 11127 | D:7      | Found Leulemme's Distillery.
 11149 | D:7      | Bought a potion of berserk rage for 65 gold pieces
 11149 | D:7      | Bought a potion of cancellation for 104 gold pieces
 11149 | D:7      | Bought a potion of curing for 39 gold pieces
 11149 | D:7      | Bought a potion of curing for 39 gold pieces
 11214 | D:7      | Found a blossoming altar of Fedhas.
 11219 | D:7      | Found a stormy altar of Qazlal.
 11760 | D:7      | Gained mutation: You are weak. (Str -2) [mutagenic meat]
 12775 | D:8      | Reached skill level 8 in Fighting
 13176 | D:8      | Found Yhiphol's Food Boutique.
 13184 | D:8      | Reached XP level 10. HP: 55/104 MP: 16/16
 13610 | D:8      | Found a deep blue altar of Sif Muna.
 13644 | D:8      | Noticed a cyan ugly thing
 13656 | D:8      | Killed a cyan ugly thing
 13666 | D:8      | Lost mutation: You are weak. (Str -2) [mutagenic meat]
 14610 | D:8      | Reached skill level 9 in Maces & Flails
 14946 | D:8      | Gained mutation: Your body is slowly deteriorating. [mutagenic meat]
 14947 | D:8      | Gained mutation: You are robust (+10% HP). [mutagenic meat]
 14948 | D:8      | Gained mutation: Your spells are a little harder to cast, but a little more powerful. [mutagenic meat]
 15254 | D:9      | Reached skill level 5 in Evocations
 15486 | D:9      | Found a bloodstained altar of Trog.
 15588 | D:9      | Paralysed by a wasp for 2 turns
 15593 | D:9      | Paralysed by a wasp for 2 turns
 15896 | D:9      | Found a staircase to the Lair.
 15896 | D:9      | Noticed an elephant
 16316 | D:9      | Killed an elephant
 16316 | D:9      | Reached XP level 11. HP: 119/126 MP: 20/20
 16862 | D:9      | Reached skill level 10 in Maces & Flails
 17285 | D:10     | Entered Level 10 of the Dungeon
 17285 | D:10     | Noticed Joseph
 18225 | D:10     | Killed Joseph
 18225 | D:10     | Reached skill level 10 in Fighting
 18384 | D:10     | Gained mutation: Your body is deteriorating. [mutagenic meat]
 18455 | D:10     | Learned a level 2 spell: Repel Missiles
 19006 | D:10     | Reached skill level 1 in Spellcasting
 19031 | D:10     | Found Prikloni's Antique Weapon Boutique.
 19174 | D:10     | Reached skill level 1 in Charms
 19381 | Lair:1   | Entered Level 1 of the Lair of Beasts
 19545 | Lair:1   | Lost mutation: Your body is deteriorating. [potion of mutation]
 19873 | Lair:1   | Acquired Ashenzari's first power
 20334 | Lair:1   | Identified a scroll of acquirement
 20405 | Lair:1   | Lost mutation: Your spells are a little harder to cast, but a little more powerful. [potion of mutation]
 20405 | Lair:1   | Gained mutation: Potions and wands are less effective at restoring your health. [potion of mutation]
 20432 | Lair:1   | Got the cursed cloak of Odwew {rElec Int+5}
 20443 | Lair:1   | Identified the cursed -2 cloak of Odwew {rElec Int+5} (You acquired it on level 1 of the Lair of Beasts)
 20500 | Lair:1   | Reached skill level 11 in Maces & Flails
 21536 | Lair:2   | Reached XP level 12. HP: 140/143 MP: 21/21
 21643 | Lair:2   | Reached skill level 10 in Throwing
 23026 | Lair:3   | Noticed a catoblepas
 23052 | Lair:3   | Killed a catoblepas
 23503 | Lair:3   | Learned a level 2 spell: Swiftness
 23507 | Lair:3   | Learned a level 3 spell: Flight
 24459 | Lair:3   | Acquired Ashenzari's second power
 24542 | Lair:3   | Noticed a six-headed hydra
 24545 | Lair:3   | Killed a six-headed hydra
 24660 | Lair:3   | Reached skill level 12 in Maces & Flails
 24705 | Lair:3   | Noticed Harold
 24727 | Lair:3   | Killed Harold
 24881 | Lair:3   | Reached skill level 5 in Spellcasting
 24941 | Lair:3   | Noticed Rupert
 24944 | Lair:3   | Paralysed by Rupert for 5 turns
 25075 | Lair:3   | Killed Rupert
 25409 | Lair:4   | Found a staircase to the Snake Pit.
 25468 | Lair:4   | Reached XP level 13. HP: 139/154 MP: 25/25
 25797 | Lair:4   | Acquired Ashenzari's third power
 27337 | Lair:5   | Reached skill level 13 in Maces & Flails
 28872 | D:12     | Found a basalt altar of Yredelemnul.
 28966 | D:12     | Paralysed by a wasp for 2 turns
 28972 | D:12     | Noticed Erolcha
 29008 | D:12     | Acquired Ashenzari's fourth power
 29522 | D:11     | Found a staircase to the Orcish Mines.
 29785 | D:11     | Reached skill level 10 in Dodging
 30780 | D:11     | Gained mutation: Your mind is acute. (Int +2) [mutagenic meat]
 30781 | D:11     | Gained mutation: You are resistant to hostile enchantments. [mutagenic meat]
 30971 | D:11     | Reached XP level 14. HP: 164/168 MP: 29/29
 31001 | Orc:1    | Entered Level 1 of the Orcish Mines
 31307 | Orc:1    | Found a roughly hewn altar of Beogh.
 32736 | Orc:2    | Found a roughly hewn altar of Beogh.
 33249 | Orc:3    | Found a roughly hewn altar of Beogh.
 33281 | Orc:3    | Reached skill level 14 in Maces & Flails
 33378 | Orc:4    | Entered Level 4 of the Orcish Mines
 33437 | Orc:4    | Found a frozen archway.
 33707 | IceCv    | Entered an ice cave
 34265 | IceCv    | Noticed a frost giant
 34589 | Orc:4    | Found a staircase to the Elven Halls.
 34722 | Orc:4    | Found a roughly hewn altar of Beogh.
 34889 | Orc:4    | Noticed Saint Roka
 35121 | Orc:4    | Found a roughly hewn altar of Beogh.
 35121 | Orc:4    | Found Wuinair's Weapon Shop.
 35300 | Orc:4    | Found a roughly hewn altar of Beogh.
 35315 | Orc:4    | Found Bawkitot's General Store.
 35380 | Orc:4    | Bought a scroll of recharging for 95 gold pieces
 35380 | Orc:4    | Bought a scroll of teleportation for 30 gold pieces
 35380 | Orc:4    | Bought a fruit for 15 gold pieces
 35380 | Orc:4    | Bought 3 scrolls of identify for 60 gold pieces
 35380 | Orc:4    | Bought a potion of curing for 30 gold pieces
 35380 | Orc:4    | Bought a slice of pizza for 15 gold pieces
 35551 | Orc:4    | Found a roughly hewn altar of Beogh.
 35673 | Orc:4    | Found a roughly hewn altar of Beogh.
 35861 | Orc:4    | Found a roughly hewn altar of Beogh.
 35861 | Orc:4    | Found Xeimen's Antique Armour Boutique.
 35865 | Orc:4    | Found Xuesmot's Antique Weapon Shop.
 35874 | Orc:4    | Bought an embroidered robe for 20 gold pieces
 37334 | Lair:6   | Noticed Nergalle
 37351 | Lair:6   | Killed Nergalle
 37803 | Lair:6   | Found a staircase to the Shoals.
 38409 | Lair:7   | Reached XP level 15. HP: 181/181 MP: 32/32
 38476 | Lair:7   | Learned a level 2 spell: Blink
 38791 | Lair:7   | Reached skill level 15 in Maces & Flails
 38948 | Lair:7   | Reached skill level 15 in Fighting
 39370 | Lair:8   | Entered Level 8 of the Lair of Beasts
 39650 | Lair:8   | Found a staircase to the Slime Pits.
 39651 | Lair:8   | Found a viscous altar of Jiyva.
 40840 | Lair:8   | Reached skill level 10 in Spellcasting
 41661 | D:12     | Noticed Sonja
 41663 | D:12     | Identified the +2 leather armour of Fauhuc {rF+ SInv}
 41663 | D:12     | Killed Sonja
 41917 | D:12     | Lost mutation: You are resistant to hostile enchantments. [potion of cure mutation]
 41917 | D:12     | Lost mutation: You are robust (+10% HP). [potion of cure mutation]
 41917 | D:12     | Lost mutation: Your mind is acute. (Int +2) [potion of cure mutation]
 42259 | D:12     | Identified the cursed +1 shortbow "Beetleslayer" {speed, -Tele rF+ SInv}
 42743 | D:13     | Paralysed by an orc sorcerer for 7 turns
 42919 | D:13     | Found a gate to the Vaults.
 43241 | D:14     | Gained mutation: Scrolls take you a little longer to read. [mutagenic meat]
 43242 | D:14     | Lost mutation: Your body is slowly deteriorating. [mutagenic meat]
 43514 | D:14     | Identified the cursed +0 flail of the Wolf {crush, Str+6}
 43629 | D:14     | Reached XP level 16. HP: 179/179 MP: 34/34
 43678 | D:14     | Noticed Urug
 43692 | D:14     | Killed Urug
 43733 | D:14     | Reached skill level 16 in Fighting
 43985 | D:14     | Noticed Roxanne
 44001 | D:14     | Killed Roxanne
 44221 | D:14     | Found a basalt altar of Yredelemnul.
 44304 | D:15     | Entered Level 15 of the Dungeon
 44328 | D:15     | Noticed Kirke
 44508 | D:14     | Gained mutation: Scrolls take you longer to read. [mutagenic meat]
 44509 | D:14     | Gained mutation: Your mind is acute. (Int +2) [mutagenic meat]
 44639 | D:15     | Killed Kirke
 44751 | D:14     | Slain by a white ugly thing

Action                   |  1- 3 |  4- 6 |  7- 9 | 10-12 | 13-15 | 16-18 || total
-------------------------+-------+-------+-------+-------+-------+-------++-------
Melee: Club              |   133 |       |       |       |       |       ||   133
       Short sword       |     5 |       |       |       |       |       ||     5
       Whip              |   101 |   179 |       |       |       |       ||   280
       Morningstar       |       |    69 |   340 |       |       |       ||   409
       Unarmed           |       |       |     9 |       |       |       ||     9
       Giant spiked club |       |       |   177 |   688 |  1847 |   116 ||  2828
Throw: Large rock        |     1 |    17 |    46 |    88 |    22 |     3 ||   177
       Throwing net      |       |       |     2 |     2 |       |       ||     4
 Cast: Repel Missiles    |       |       |       |     1 |     2 |     2 ||     5
       Blink             |       |       |       |       |     3 |     3 ||     6
Evoke: Wand              |       |       |     1 |     4 |    15 |     2 ||    22
  Use: Scroll            |     4 |     8 |    10 |    17 |    15 |     2 ||    56
       Potion            |       |       |    10 |    16 |     4 |       ||    30
 Stab: Sleeping          |       |     2 |     7 |     7 |     9 |       ||    25
       Held in net/web   |       |       |     1 |       |       |       ||     1
       Distracted        |       |       |       |     2 |     3 |       ||     5
       Invisible         |       |       |       |     2 |       |       ||     2
  Eat: Chunk             |     4 |    10 |    26 |    44 |    73 |     6 ||   163
       Beef jerky        |       |       |     1 |     3 |     2 |       ||     6
       Bread ration      |       |       |       |       |     2 |       ||     2
       Royal jelly       |       |       |       |       |     1 |       ||     1
       Meat ration       |       |       |       |       |     1 |     1 ||     2
       Pizza             |       |       |       |       |     1 |       ||     1
